 Dungeon Crawl Stone Soup version 0.30-a0-305-g026cb31310 (webtiles) character file.

Game seed: 4185659996167526808

572 pokeman the Magician (level 7, -5/40 HPs)
             Began as a Deep Elf Hedge Wizard on Oct 21, 2022.
             Was an Initiate of Vehumet.
             Slain by an iguana (9 damage)
             ... on level 5 of the Dungeon.
             The game lasted 00:08:25 (4398 turns).

pokeman the Magician (Deep Elf Hedge Wizard)        Turns: 4398, Time: 00:08:25

Health: -5/40      AC:  5    Str:  7    XL:     7   Next: 12%
Magic:  10/20      EV: 12    Int: 21    God:    Vehumet [......]
Gold:   254        SH:  0    Dex: 14    Spells: 13/21 levels left

rFire   + + .      SeeInvis .    y - +0 whip (venom)
rCold   . . .      Faith    .    (no shield)
rNeg    . . .      Spirit   .    t - +0 leather armour
rPois   .          Reflect  .    c - +0 hat
rElec   .          Harm     .    (no cloak)
rCorr   .          Rampage  .    (no gloves)
Will    .....                    f - +1 pair of boots
Stlth   ++........               (no amulet)
HPRegen 0.26/turn                w - ring of protection from fire
MPRegen 0.17/turn                C - ring of protection from fire

@: on blink cooldown
A: no striking features
a: Renounce Religion


You were on level 5 of the Dungeon.
You worshipped Vehumet.
Vehumet was noncommittal.
You visited 1 branch of the dungeon, and saw 5 of its levels.

You collected 254 gold pieces.

Inventory:

Hand Weapons
 g - a +1 falchion of electrocution
 y - a +0 whip of venom (weapon)
Armour
 c - a +0 hat (worn)
 f - a +1 pair of boots (worn)
 t - a +0 leather armour (worn)
 v - the +1 ring mail of Polish {Regen+}
   (You found it on level 3 of the Dungeon)

   Regen:     It increases your rate of health regeneration.
Magical Staves
 u - a staff of poison
Jewellery
 w - a ring of protection from fire (left hand)
 C - a ring of protection from fire (right hand)
Wands
 B - a wand of roots (11)
Scrolls
 b - 2 scrolls of fear {unknown}
 e - 3 scrolls of amnesia {unknown}
 i - a scroll of noise {unknown}
 k - a scroll of blinking {unknown}
 l - 3 scrolls of magic mapping {unknown}
 n - a scroll of torment {unknown}
 p - a scroll of silence {unknown}
 q - a scroll of acquirement {unknown}
 r - 2 scrolls of identify {unknown}
 s - a scroll of enchant armour {unknown}
Potions
 a - 2 potions of invisibility {unknown}
 d - 2 potions of magic
 h - 3 potions of flight {unknown}
 j - a potion of ambrosia {unknown}
 m - 3 potions of heal wounds {unknown}
 o - a potion of degeneration {unknown}
 x - a potion of curing {unknown}
 z - 3 potions of lignification {unknown}
 A - 2 potions of attraction {unknown}


   Skills:
 - Level 2.0 Fighting
 + Level 1.0 Armour
 - Level 3.0 Dodging
 - Level 3.0 Stealth
 * Level 7.9 Spellcasting
 + Level 3.9 Conjurations
 - Level 1.1 Summonings
 - Level 1.1 Translocations
 - Level 1.0 Air Magic
 - Level 1.1 Poison Magic
 - Level 1.0 Evocations


You had 13 spell levels left.
You knew the following spells:

 Your Spells              Type           Power      Damage    Failure   Level
a - Magic Dart            Conj           96%        1d7       2%          1
b - Mephitic Cloud        Conj/Pois/Air  16%        N/A       16%         3
c - Call Imp              Summ           12%        N/A       11%         2
d - Blink                 Tloc           24%        N/A       11%         2

Your spell library contained the following spells:

 Spells                   Type           Power      Damage    Failure   Level
 Shock                    Conj/Air       72%        1d7       4%          1
 Sandblast                Erth           16%        2d6       12%         1
 Slow                     Hex            32%        N/A       12%         1
 Cigotuvi's Dreadful Rot  Necr/Pois/Air  22%        N/A       13%         2
 Sublimation of Blood     Necr           8%         N/A       19%         2
 Wereblood                Tmut           8%         N/A       19%         2
 Summon Hydra             Summ           6%         N/A       100%        7


Dungeon Overview and Level Annotations

Branches:
Dungeon (4/15)
 Temple: D:4-7

Altars:
Elyvilon
Nemelex Xobeh
Ru
Sif Muna
Trog
Vehumet
Zin


Message History

Unknown command.
Casting: Blink (safe; 11% risk of failure)
Confirm with . or Enter, or press ? or * to list all spells.
Aiming: Magic Dart (safe; 2% risk of failure)
Press: ? - help, Shift-Dir - straight line, f - ufetubus, p - hound
Aim: an ufetubus (translocational energy, 100% to hit)
The magic dart hits the ufetubus.
The ufetubus is heavily wounded.
The hound completely misses the ufetubus.
Unknown command.
Casting: Magic Dart (safe; 2% risk of failure)
Confirm with . or Enter, or press ? or * to list all spells.
Aiming: Magic Dart (safe; 2% risk of failure)
Press: ? - help, Shift-Dir - straight line, f/p - ufetubus
Aim: an ufetubus (moderately wounded, 100% to hit)
The magic dart hits the ufetubus but does no damage.
The ufetubus is moderately wounded.
The ufetubus hits you but does no damage. x2
The hound completely misses you.
Casting: Magic Dart (safe; 2% risk of failure)
Confirm with . or Enter, or press ? or * to list all spells.
Aiming: Magic Dart (safe; 2% risk of failure)
Press: ? - help, Shift-Dir - straight line, f/p - ufetubus
Aim: an ufetubus (moderately wounded, 100% to hit)
The magic dart hits the ufetubus.
The ufetubus is severely wounded.
The hound looks more healthy.
The ufetubus closely misses you. The ufetubus hits you.
* * * LOW HITPOINT WARNING * * *
The hound barely misses you.
The hound bites itself.
The ufetubus barely misses you.
The ufetubus hits you but does no damage.
The iguana bites you.
* * * LOW HITPOINT WARNING * * *
Casting: Magic Dart (safe; 2% risk of failure)
Confirm with . or Enter, or press ? or * to list all spells.
You are still too unstable to blink.
Unknown command.
The iguana attacks as you move away! The iguana bites you!
You die...

.........#.....#
........#.....#
.......#######
#............
#............
#............
#............
####+#######...^........
.......@5....#####.....#
.......hl....#...#.....#
.............#...#...).#
...$.........#...'.....#
.............#...#.....#
......########+###.....#
...... #).........#
...... +..........#
#.....†....#


You could see an iguana (very poisoned), a hound (confused) and an ufetubus.

Vanquished Creatures
  Edmund (D:5)
  An orc warrior (D:4)
  2 orc wizards (D:4)
  Natasha (thrice) (D:4)
  3 iguanas
  3 gnolls (D:4)
  3 adders
  3 worms
  2 dart slugs (D:4)
  8 orcs
  2 endoplasms
  3 giant cockroaches
  10 goblins
  7 hobgoblins
  4 jackals (D:1)
  5 kobolds
  7 quokkas
  6 ball pythons
  4 bats
  2 frilled lizards
  11 rats
90 creatures vanquished.

Vanquished Creatures (collateral kills)
  A goblin (D:4)
1 creature vanquished.

Grand Total: 91 creatures vanquished

Notes
Turn   | Place    | Note
-------+----------+-------------------------------------------
     0 | D:1      | pokeman the Deep Elf Hedge Wizard began the quest for the
                  | Orb.
     0 | D:1      | Reached XP level 1. HP: 10/10 MP: 7/7
   388 | D:1      | Reached XP level 2. HP: 16/16 MP: 6/9
   896 | D:1      | Reached skill level 5 in Spellcasting
  1305 | D:1      | Reached XP level 3. HP: 14/20 MP: 3/11
  1309 | D:1      | Learned a level 3 spell: Mephitic Cloud
  1312 | D:1      | Learned a level 2 spell: Call Imp
  1315 | D:1      | Learned a level 2 spell: Blink
  1719 | D:2      | Found a faded altar of an unknown god.
  1906 | D:2      | Reached skill level 1 in Armour
  2016 | D:2      | Reached skill level 1 in Fighting
  2454 | D:3      | Reached XP level 4. HP: 25/25 MP: 8/13
  2703 | D:3      | Identified the +1 ring mail of Polish {Regen+}
  3238 | D:4      | Found a sparkling altar of Nemelex Xobeh.
  3257 | D:4      | Reached skill level 6 in Spellcasting
  3257 | D:4      | Reached XP level 5. HP: 20/29 MP: 4/15
  3307 | D:4      | Noticed Natasha
  3315 | D:4      | Killed Natasha
  3526 | D:4      | Noticed Natasha
  3533 | D:4      | Killed Natasha
  3534 | D:4      | Reached skill level 1 in Evocations
  3540 | D:4      | Noticed Natasha
  3547 | D:4      | Killed Natasha
  3548 | D:4      | Reached skill level 1 in Air Magic
  3635 | D:4      | Noticed an orc warrior
  3659 | D:4      | Killed an orc warrior
  3660 | D:4      | Reached skill level 1 in Poison Magic
  3660 | D:4      | Reached XP level 6. HP: 28/34 MP: 11/17
  3705 | D:4      | Found a bloodstained altar of Trog.
  3725 | D:4      | Found a shimmering blue altar of Sif Muna.
  3734 | D:4      | Reached skill level 7 in Spellcasting
  3739 | D:4      | Got Sif Muna's Folio of the Shocking Boulder
  4073 | D:4      | Found a glowing silver altar of Zin.
  4099 | D:4      | Found a sacrificial altar of Ru.
  4102 | D:4      | Found a white marble altar of Elyvilon.
  4105 | D:4      | Found a radiant altar of Vehumet.
  4109 | D:4      | Became a worshipper of Vehumet
  4120 | D:4      | You fall into a shaft and drop 1 floor!
  4120 | D:5      | Entered Level 5 of the Dungeon
  4216 | D:5      | Noticed Edmund
  4242 | D:5      | Killed Edmund
  4243 | D:5      | Reached XP level 7. HP: 22/39 MP: 17/20
  4398 | D:5      | Slain by an iguana

Illustrated notes

Levels and vault maps discovered:
D:1:      evilmike_arrival_fibonacci_small, layout_loops_ring,
          minmay_misc_feat_room, minivault_23
D:2:      layout_rooms, shapermc_ecumenical_altar_mp_vishouse,
          kennysheep_cluttered_room, kennysheep_generic_room_5
D:3:      layout_rooms
D:4:      layout_cave_pools, grunt_temple_overflow_cloverleaf,
          nzn_overflow_gifts_of_might_and_magic, amcnicky_altar_gilded,
          uniq_natasha
D:5:      layout_gridville, mainiacjoe_overflow_surrounded_room,
          due_unseen_surprise, uniq_ijyb, uniq_edmund

Skill      XL: |  1  2  3  4  5  6  7 |
---------------+----------------------+-----
Spellcasting   | 5 6 7 |  7.9
Armour         | 1 |  1.0
Fighting       | 1 2 |  2.0
Conjurations   | 2 3 |  3.9
Stealth        | 3 |  3.0
Dodging        | 3 |  3.0
Evocations     | 1 |  1.0
Air Magic      | 1 |  1.0
Poison Magic   | 1 |  1.1
Summonings     | |  1.1
Translocations | |  1.1

Action                   |  1- 3 |  4- 6 |  7- 9 || total
-------------------------+-------+-------+-------++-------
Melee: Dagger            |     1 |       |       ||     1
       Whip              |    16 |    41 |    10 ||    67
 Cast: Magic Dart        |   131 |   116 |    10 ||   257
       Call Imp          |       |     2 |       ||     2
       Mephitic Cloud    |       |     4 |     2 ||     6
       Blink             |       |       |     1 ||     1
 Stab: Sleeping          |     2 |     1 |       ||     3
       Confused          |       |     3 |     1 ||     4
Armor: Robe              |     9 |     1 |       ||    10
       Leather armour    |       |     4 |    11 ||    15
Dodge: Dodged            |    28 |    32 |    34 ||    94

Table legend: (Time is in decaauts)
 A = Elapsed time spent in this place.
 B = Non-inter-level travel time spent in this place.
 C = Inter-level travel time spent in this place.
 D = Time resting spent in this place.
 E = Time spent auto-exploring this place.
 F = Levels seen in this place.
 G = Mean time per level.
                   A        B        C        D        E       F      G
               +--------+--------+--------+--------+--------+-----+--------+
         Total |   4403 |   4301 |    102 |    153 |   3452 |   5 |  880.6 |
       Dungeon |   4403 |   4301 |    102 |    153 |   3452 |   5 |  880.6 |
               +--------+--------+--------+--------+--------+-----+--------+

Top non-repeatable levels by time:
     D:1: 1353 daAuts
     D:4: 991 daAuts
     D:2: 898 daAuts
     D:3: 880 daAuts
     D:5: 279 daAuts
